 Dungeon Crawl Stone Soup version 0.23.2-1-ga50397a6bc (webtiles) character file.

Game seed: 868532313233246290

149 Gargoyl the Skirmisher (level 5, -8/45 HPs)
             Began as a Centaur Abyssal Knight on May 22, 2019.
             Was a Believer of Lugonu.
             Killed by divine providence
             ... invoked by an orc priest
              (13 damage)
             ... on level 3 of the Dungeon.
             The game lasted 00:03:46 (2892 turns).

Gargoyl the Skirmisher (Centaur Abyssal Knight)     Turns: 2892, Time: 00:03:47

Health: -8/45      AC:  8    Str: 14    XL:     5   Next: 9%
Magic:  7/7        EV:  7    Int: 11    God:    Lugonu [**....]
Gold:   112        SH:  0    Dex: 10    Spells: 4/4 levels left

rFire    . . .     SeeInvis .   a - +1 hand axe
rCold    . . .     Gourm    +   (no shield)
rNeg     . . .     Faith    .   e - +1 scale mail {MR+}
rPois    .         Spirit   .   (no helmet)
rElec    .         Reflect  .   (no cloak)
rCorr    .         Harm     .   g - +0 pair of gloves
MR       +....                  (no barding)
Stlth    ..........             f - amulet of the gourmand
HPRegen  0.15/turn              (no ring)
MPRegen  0.10/turn              (no ring)

@: very quick
A: large, hooves 3, deformed body, speed 2, tough skin 3
a: Depart the Abyss, Bend Space, Renounce Religion


You were on level 3 of the Dungeon.
You worshipped Lugonu.
Lugonu was pleased with you.
You were not hungry.

You visited 1 branch of the dungeon, and saw 3 of its levels.
You visited the Abyss 1 time.

You collected 112 gold pieces.

Inventory:

Hand Weapons
 a - a +1 hand axe (weapon)
Missiles
 o - 3 poisoned javelins (quivered)
Armour
 e - a +1 scale mail of magic resistance (worn)
 g - a +0 pair of gloves (worn)
Jewellery
 f - an amulet of the gourmand (around neck)
 j - an uncursed ring of protection from cold
Wands
 b - a wand of clouds (4)
Scrolls
 i - 2 scrolls of blinking
 k - 2 scrolls of teleportation
 n - a scroll of remove curse
Potions
 d - a potion of flight {unknown}
 h - a potion of brilliance {unknown}
 l - a potion of magic {unknown}
 m - a potion of degeneration {unknown}
Comestibles
 c - 3 rations


   Skills:
 + Level 3.4 Fighting
 + Level 2.6 Axes
 * Level 2.5 Armour
 * Level 1.6 Dodging
 * Level 2.8 Invocations


You had 4 spell levels left.
You didn't know any spells.
Your spell library was empty.

Dungeon Overview and Level Annotations

Branches:
Dungeon (3/15)

Altars:
Xom


Innate Abilities, Weirdness & Mutations

You have hooves in place of feet.
Armour fits poorly on your strangely shaped body.
You cover ground very quickly.
You have extremely tough skin. (AC +3)


Message History

You resist with some effort.
Unknown command.
You hit the orc priest.
The orc priest is lightly wounded.
The orc priest hits you but does no damage.
You hit the orc priest.
The orc priest is lightly wounded.
The orc priest barely misses you. The orc priest closely misses you.
Unknown command.
You closely miss the orc priest.
The orc priest is lightly wounded.
The orc priest calls down the wrath of Beogh upon you.
Pain shoots through your body!
* * * LOW HITPOINT WARNING * * *
Unknown command.
Your scale mail prevents you from hitting the orc priest.
The orc priest is lightly wounded.
The orc priest invokes the aid of Beogh against you.
Beogh smites you!
You die...

#.......#.##..#...
#..#....#.........
#..#.##.#####.#...
#..#...>......#^..
#..#....#####.##..
#..#....# ..####
#))###..# #......
#..# #..# .....#.
#@.# #..# #.##.#.
#o.# #... .< #....
##. #..##.# #####.
#.## # ...... ...
#####.
##################
#..............
#.#############


You could see an orc priest.

Vanquished Creatures
  An orc priest (D:3)
  Ijyb (D:3)
  An adder (D:2)
  A worm (D:3)
  2 dart slugs
  3 orcs (D:3)
  3 giant cockroaches
  12 goblins
  7 hobgoblins
  4 jackals (D:1)
  3 ball pythons
  9 bats
  4 frilled lizards
  8 kobolds
  11 rats
70 creatures vanquished.

Notes
Turn   | Place    | Note
-------+----------+-------------------------------------------
     0 | Abyss:1  | Gargoyl the Centaur Abyssal Knight began the quest for the
                  | Orb.
     0 | Abyss:1  | Reached XP level 1. HP: 19/19 MP: 2/2
    62 | Abyss:1  | Noticed a raiju
    63 | Abyss:1  | Noticed a fire bat
    68 | D:1      | Escaped the Abyss
   320 | D:1      | Reached * piety under Lugonu
   350 | D:1      | Reached XP level 2. HP: 26/26 MP: 3/3
   567 | D:1      | Reached skill level 1 in Dodging
  1034 | D:1      | Reached XP level 3. HP: 30/31 MP: 4/4
  1738 | D:2      | Reached ** piety under Lugonu
  1973 | D:2      | Found a shimmering altar of Xom.
  2066 | D:2      | Reached XP level 4. HP: 32/38 MP: 5/5
  2730 | D:3      | Noticed Ijyb
  2764 | D:3      | Killed Ijyb
  2831 | D:3      | Found a shimmering altar of Xom.
  2879 | D:3      | Reached XP level 5. HP: 43/45 MP: 7/7
  2892 | D:3      | Killed from afar by an orc priest

Skill      XL: |  1  2  3 |
---------------+----------+-----
Axes           | 2 |  2.6
Dodging        | 1 |  1.6
Armour         | 2 |  2.5
Fighting       | |  3.4
Invocations    | |  2.8

Action                   |  1- 3 |  4- 6 || total
-------------------------+-------+-------++-------
Melee: Hand axe          |   165 |    69 ||   234
       Kick              |    20 |    14 ||    34
Invok: Depart the Abyss  |     1 |       ||     1
  Use: Scroll            |     4 |     1 ||     5
  Eat: Chunk             |     7 |     1 ||     8
Armor: Scale mail        |   145 |    28 ||   173
       Leather armour    |     1 |       ||     1
Dodge: Dodged            |    92 |    28 ||   120
